 Dungeon Sprint DCSS version 0.30-a0-219-gf2db51d15e (webtiles) character file.

Game seed: 15240056566263302092

1883 rocky1 the Basher (level 9, -5/159 HPs)
             Began as an Ogre Gladiator on Oct 7, 2022.
             Was an Initiate of Gozag.
             Slain by a deep troll (14 damage)
             ... in the Dungeon (Sprint VII: "The Pits").
             The game lasted 00:04:49 (1375 turns).

rocky1 the Basher (Ogre Gladiator)                  Turns: 1375, Time: 00:04:49

Health: -5/159     AC:  9    Str: 24    XL:     9   Next: 14%
Magic:  9/9        EV:  9    Int:  9    God:    Gozag
Gold:   125        SH: 10    Dex: 10    Spells: 8/8 levels left

rFire   . . .      SeeInvis .    o - +2 mace (venom)
rCold   . . .      Faith    .    p - +0 kite shield
rNeg    . . .      Spirit   .    u - +0 swamp dragon scales
rPois   +          Reflect  .    c - +0 hat
rElec   .          Harm     .    t - +0 cloak
rCorr   .          Rampage  .    (gloves unavailable)
Will    .....      NoTele   +    (boots unavailable)
Stlth   ..........               (no amulet)
HPRegen 0.46/turn                (no ring)
MPRegen 0.11/turn                (no ring)

@: berserking, weakened, very quick
A: large, unfitting armour, tough skin 1
a: Renounce Religion, Potion Petition, Call Merchant, Bribe Branch


You were in the Dungeon.
You worshipped Gozag.
Gozag was aware of your devotion.
You visited 1 branch You collected 1764 gold pieces.
You spent 1200 gold pieces at shops.
You paid 439 gold pieces to Gozag.

Inventory:

Hand Weapons
 a - a +0 flail
 o - a +2 mace of venom (weapon)
Missiles
 d - 3 throwing nets (quivered)
 e - a large rock
Armour
 b - a +0 robe
 c - a +0 hat (worn)
 p - a +0 kite shield (worn)
 t - a +0 cloak (worn)
 u - +0 swamp dragon scales (worn)
Jewellery
 j - a +3 ring of strength
 r - a +3 ring of dexterity
Scrolls
 k - a scroll of blinking
 m - 5 scrolls of amnesia
 n - a scroll of summoning
Potions
 f - 9 potions of curing
 g - 6 potions of heal wounds
 h - a potion of haste
 i - 4 potions of magic
 l - 2 potions of invisibility
 s - a potion of brilliance


   Skills:
 + Level 12.1 Fighting
 - Level 13.6 Maces & Flails
 - Level 2.0 Throwing
 + Level 2.7 Armour
 + Level 4.2 Dodging
 + Level 9.1 Shields


You had 8 spell levels left.
You didn't know any spells.
Your spell library was empty.

Dungeon Overview and Level Annotations

Branches:
Dungeon (1/1)

Altars:
Ashenzari
Cheibriados
Dithmenos
Elyvilon
Fedhas
Gozag
Hepliaklqana
Kikubaaqudgha
Makhleb
Nemelex Xobeh
Okawaru
Qazlal
Ru
Sif Muna
Trog
Uskayaw
Vehumet
Wu Jian
Xom
Yredelemnul
Zin
The Shining One
Jiyva
Lugonu

Shops:
D [


Innate Abilities, Weirdness & Mutations

You are too large for most types of armour.
You have tough skin. (AC +1)


Message History

The deep troll is moderately wounded.
The orc closely misses you. You block the deep troll's attack.
The deep troll claws you!
* * * LOW HITPOINT WARNING * * *
You block the deep troll's attack.
Unknown command.
You feel much better. The deep troll bites you. The deep troll claws you.
* * * LOW HITPOINT WARNING * * *
You block the deep troll's attack. You block the orc's attack.
Unknown command.
A red film seems to cover your vision as you go berserk!
You feel yourself moving faster!
You feel mighty! The orc barely misses you. You block the deep troll's attack.
The deep troll claws you!
* * * LOW HITPOINT WARNING * * *
The deep troll barely misses you.
You closely miss the deep troll.
The deep troll is moderately wounded.
You thump the deep troll!
The deep troll looks as sick as possible!
The deep troll is heavily wounded.
The orc barely misses you. You block the deep troll's attack.
The deep troll claws you!
* * * LOW HITPOINT WARNING * * *
The deep troll claws you!
* * * LOW HITPOINT WARNING * * *
You barely miss the deep troll.
The deep troll is heavily wounded.
The orc misses you. The deep troll bites you!
* * * LOW HITPOINT WARNING * * *
You block the deep troll's attack. x2
You barely miss the deep troll.
The deep troll is heavily wounded.
You hit the deep troll.
The deep troll is severely wounded.
You hit the deep troll.
The deep troll looks as sick as possible!
The deep troll is severely wounded.
You block the orc's attack. The deep troll bites you!
You die...
Your body crumbles into a pile of gold.

#....@4.o...'.....
#'#####'#####o....
#.#..)..#..##....4
#.#.....#))#####'#
#.###'###))##.....
#.#..(..#))##.....
#o#..[).#[[##.....
#T####)##'###...<.
#@#........##.....
#[#........##.....
#)###########.....
#.......#..#######
#.......#)########
#...#...#[#....#..
#..###..#'#....#..
#...#∩..#.'....'..
#.......#'#....#..


You could see a deep troll (extremely poisoned) and an orc.

Vanquished Creatures
  An orc sorcerer (D)
  A komodo dragon (D)
  A jumping spider (D)
  2 vampire mosquitoes (D)
  Edmund (D)
  A warg (D)
  An orc warrior (D)
  A floating eye (D)
  Blork the orc (D)
  2 gnoll sergeants (D)
  A scorpion (D)
  2 orc priests (D)
  An iron imp (D)
  An orc wizard (D)
  3 gnolls (D)
  A river rat (D)
  An ufetubus (D)
  An adder zombie (D)
  3 orcs (D)
  A bat (D)
  2 endoplasms (D)
  A jackal skeleton (D)
  A kobold (D)
  A quokka skeleton (D)
32 creatures vanquished.

Notes
Turn   | Place    | Note
-------+----------+-------------------------------------------
     0 | D        | rocky1 the Ogre Gladiator began the quest for the Orb.
     0 | D        | Reached XP level 1. HP: 22/22 MP: 1/1
    17 | D        | Reached skill level 4 in Maces & Flails
    21 | D        | Found a bloodstained altar of Trog.
    21 | D        | Found a shimmering blue altar of Sif Muna.
    21 | D        | Found a viscous altar of Jiyva.
    21 | D        | Found a hazy altar of Hepliaklqana.
    21 | D        | Found an opulent altar of Gozag.
    22 | D        | Found a glowing golden altar of the Shining One.
    22 | D        | Found a glowing silver altar of Zin.
    22 | D        | Found a basalt altar of Yredelemnul.
    22 | D        | Found a shimmering altar of Xom.
    22 | D        | Found an ornate altar of the Wu Jian Council.
    22 | D        | Found a sacrificial altar of Ru.
    22 | D        | Found a stormy altar of Qazlal.
    22 | D        | Found an iron altar of Okawaru.
    22 | D        | Found a sparkling altar of Nemelex Xobeh.
    22 | D        | Found a burning altar of Makhleb.
    22 | D        | Found a blossoming altar of Fedhas.
    22 | D        | Found a white marble altar of Elyvilon.
    22 | D        | Found a shadowy altar of Dithmenos.
    22 | D        | Found a snail-covered altar of Cheibriados.
    25 | D        | Found a corrupted altar of Lugonu.
    25 | D        | Found a radiant altar of Vehumet.
    26 | D        | Found an ancient bone altar of Kikubaaqudgha.
    26 | D        | Found a hide-covered altar of Uskayaw.
    26 | D        | Found a broken altar of Ashenzari.
    29 | D        | Became a worshipper of Gozag Ym Sagoz the Greedy
    69 | D        | Noticed a floating eye
    73 | D        | Reached skill level 5 in Maces & Flails
    73 | D        | Reached XP level 2. HP: 23/29 MP: 2/2
    74 | D        | Paralysed by a floating eye for 3 turns
    77 | D        | Killed a floating eye
    78 | D        | Reached skill level 8 in Maces & Flails
    78 | D        | Reached XP level 3. HP: 30/36 MP: 3/3
    78 | D        | Reached XP level 4. HP: 37/44 MP: 4/4
   123 | D        | Reached skill level 9 in Maces & Flails
   128 | D        | Reached XP level 5. HP: 28/50 MP: 5/5
   134 | D        | Reached skill level 10 in Maces & Flails
   300 | D        | Noticed an orc warrior
   320 | D        | Killed an orc warrior
   321 | D        | Reached skill level 11 in Maces & Flails
   321 | D        | Reached XP level 6. HP: 41/59 MP: 6/6
   325 | D        | Reached skill level 12 in Maces & Flails
   334 | D        | Reached skill level 13 in Maces & Flails
   483 | D        | Reached XP level 7. HP: 21/66 MP: 7/7
   635 | D        | Noticed a jumping spider
   645 | D        | Killed a jumping spider
   805 | D        | Noticed Blork the orc
   805 | D        | Noticed a warg
   819 | D        | Killed Blork the orc
   820 | D        | Reached skill level 5 in Shields
   829 | D        | Killed a warg
   830 | D        | Reached XP level 8. HP: 39/89 MP: 8/8
   996 | D        | Noticed a komodo dragon
  1019 | D        | Killed a komodo dragon
  1020 | D        | Reached skill level 10 in Fighting
  1142 | D        | Bought swamp dragon scales for 1200 gold pieces
  1305 | D        | Noticed Edmund
  1305 | D        | Noticed an orc sorcerer
  1305 | D        | Noticed a deep troll
  1309 | D        | Noticed an orange demon
  1309 | D        | Noticed an orc high priest
  1322 | D        | Noticed a red devil
  1350 | D        | Killed Edmund
  1351 | D        | Reached skill level 1 in Armour
  1356 | D        | Noticed an orange demon
  1358 | D        | Killed an orc sorcerer
  1359 | D        | Reached XP level 9. HP: 44/106 MP: 9/9
  1375 | D        | Slain by a deep troll

Illustrated notes

Levels and vault maps discovered:
D:        pitsprint [storerooms_1, entrance_room_1, metal_vault_2, armoury_3,
          mini_pit_1, grid_room_1, main_hall_1, silver_pit, the_coven_2,
          the_vestibule_1, steel_vault_5, golden_pit, hallway_of_sentries,
          crystal_vault_4, iron_vault_1, final_vault]

Skill      XL: |  1  2  3  4  5  6  7  8 |
---------------+-------------------------+-----
Maces & Flails | 5 8 9 11 13 | 13.6
Fighting       | 8 12 | 12.1
Shields        | 6 9 |  9.1
Armour         | 2 |  2.7
Dodging        | 4 |  4.2
Throwing       | |  2.0

Action                   |  1- 3 |  4- 6 |  7- 9 || total
-------------------------+-------+-------+-------++-------
Melee: Flail             |     4 |       |       ||     4
       Mace              |     5 |    58 |    75 ||   138
       Punch             |       |     1 |       ||     1
Invok: Call Merchant     |       |       |     1 ||     1
  Use: Potion            |       |     1 |     9 ||    10
 Stab: Distracted        |       |     1 |       ||     1
Armor: Robe              |     3 |     4 |     2 ||     9
       Swamp dragon scal |       |       |     8 ||     8
Dodge: Dodged            |     2 |    25 |    26 ||    53
Block: Kite shield       |       |       |    42 ||    42

Table legend: (Time is in decaauts)
 A = Elapsed time spent in this place.
 B = Non-inter-level travel time spent in this place.
 C = Inter-level travel time spent in this place.
 D = Time resting spent in this place.
 E = Time spent auto-exploring this place.
 F = Levels seen in this place.
 G = Mean time per level.
                   A        B        C        D        E       F      G
               +--------+--------+--------+--------+--------+-----+--------+
         Total |   1373 |   1354 |     19 |    830 |      0 |   1 | 1373.0 |
       Dungeon |   1373 |   1354 |     19 |    830 |      0 |   1 | 1373.0 |
               +--------+--------+--------+--------+--------+-----+--------+

Top non-repeatable levels by time:
       D: 1373 daAuts
